 Dungeon Crawl Stone Soup version 0.18.1-1-g2f07953 (webtiles) character file.

189 beholder the Sneak (level 5, 37/37 HPs)
             Began as an Octopode Monk on May 6, 2016.
             Got out of the dungeon alive.
             The game lasted 00:11:40 (3094 turns).

beholder the Sneak (Octopode Monk)                  Turns: 3094, Time: 00:11:41

Health: 37/37      AC:  1    Str: 11    XL:     5   Next: 68%
Magic:  5/5        EV: 13    Int: 12    God:
Gold:   130        SH:  0    Dex: 15    Spells: 0 memorised, 4 levels left

rFire  . . .     SeeInvis .       - Unarmed
rCold  . . .     Gourm    .     (no shield)
rNeg   . . .     Faith    .     (helmet restricted)
rPois  .         Spirit   .     (no amulet)
rElec  .         Dismiss  .     (no ring)
rCorr  .         Reflect  .     (no ring)
SustAt .         Harm     .     (no ring)
MR     .....                    (no ring)
Stlth  ++++......               (no ring)
                                (no ring)
                                (no ring)
                                (no ring)

@: not resistant to hostile enchantments, stealthy
A: almost no armour, amphibious, 8 rings, constrict 8, camouflage 1, gelatinous
body 1
a: no special abilities


You escaped.
You were hungry.

You visited 2 branches of the dungeon, and saw 5 of its levels.

You collected 130 gold pieces.

Inventory:

Hand Weapons
 p - a +2 dagger of venom
 u - a +1 whip of electrocution
Scrolls
 b - 4 scrolls of remove curse {unknown}
 c - a scroll of random uselessness {unknown}
 d - a scroll of fog {unknown}
 g - 6 scrolls of identify {unknown}
 h - a scroll of blinking {unknown}
 l - a scroll of enchant armour {unknown}
 m - a scroll of amnesia {unknown}
 n - 3 scrolls of recharging {unknown}
 t - a scroll of enchant weapon {unknown}
 v - 2 scrolls of teleportation {unknown}
 x - a scroll of noise {unknown}
Potions
 e - 5 potions of curing {unknown}
 f - 4 potions of mutation {unknown}
 i - 2 potions of heal wounds {unknown}
 j - 4 potions of brilliance {unknown}
 q - a potion of cure mutation {unknown}
 r - a potion of agility {unknown}
 s - a potion of beneficial mutation {unknown}
 w - 2 potions of degeneration {unknown}
 A - a potion of resistance {unknown}
 B - a potion of lignification {unknown}
Comestibles
 a - 6 bread rations
 k - a beef jerky
 o - a meat ration


   Skills:
 + Level 4.1 Fighting
 + Level 3.1 Dodging
 + Level 5.4 Stealth
 + Level 5.0 Unarmed Combat


You had 4 spell levels left.
You didn't know any spells.

Dungeon Overview and Level Annotations

Branches:
Dungeon (4/15)             Temple (1/1) D:4

Altars:
Ashenzari
Cheibriados
Dithmenos
Elyvilon
Fedhas
Kikubaaqudgha
Makhleb
Nemelex Xobeh
Okawaru
Pakellas
Qazlal
Sif Muna
Trog
Vehumet
Yredelemnul
Zin
The Shining One


Innate Abilities, Weirdness & Mutations

You cannot wear most types of armour.
You are amphibious.
You can wear up to eight rings at the same time.
You can use your tentacles to constrict eight enemies at once.
Your skin changes colour to match your surroundings (Stealth).
Your rubbery body absorbs attacks (AC +1).


Message History

There is a stone staircase leading up here.
You climb upwards.
There is a stone staircase leading down here.
(D) Dungeon (T) Temple
Where to? (Enter - D:3, ? - help)
You see here a spear.
There is a stone staircase leading up here.
You climb upwards.
There is a stone staircase leading down here.
(D) Dungeon (T) Temple
Where to? (Enter - D:2, ? - help)
You are feeling hungry.
(D) Dungeon (T) Temple
Where to? (Enter - D:1, ? - help)
There is a stone staircase leading up here.
You climb upwards.
There is a stone staircase leading down here.
There is a staircase leading out of the dungeon here.
Are you sure you want to leave the Dungeon?
This will make you lose the game!
You have escaped!

.....#...#.#.#.#.#.#.#.#......#..
.....#.##...............##....#..
.....#.#..........#......##...#..
.....#.##.......#.......###...#..
.....#.#......#....#.....##...#..
.....#.##...#...........###...#..
.....#.#..#...#.#.#.#....######..
.....#.##...............## #..
.....#.#...#..#.@.#..#...# #..
.....#.##...............## ####..
.....#.#....#.#.#.#...#..# #.....
######.##...........#...## #.....
######.#.....#....#......# #.....
.......##.......#.......## ######
######.#......#.........†#
.......##...........(...####
######...#.#.#.#.#.#.#.#...#


There were no monsters in sight!

Vanquished Creatures
  An orc priest (D:4)
  A hound (D:4)
  2 worker ants (D:4)
  An adder (D:3)
  2 worms
  5 dart slugs
  2 giant geckos (D:3)
  2 orcs (D:4)
  7 bats
  6 giant cockroaches
  7 goblins
  A hobgoblin (D:3)
  2 jackals (D:3)
  A giant newt (D:1)
  11 kobolds
  4 rats
55 creatures vanquished.

Notes
Turn   | Place    | Note
--------------------------------------------------------------
     0 | D:1      | beholder the Octopode Monk began the quest for the Orb.
     0 | D:1      | Reached XP level 1. HP: 16/16 MP: 1/1
   194 | D:1      | Reached XP level 2. HP: 21/21 MP: 2/2
   556 | D:1      | Reached XP level 3. HP: 22/26 MP: 3/3
  1718 | D:3      | Reached XP level 4. HP: 31/31 MP: 4/4
  2625 | D:4      | Found an iron altar of Okawaru.
  2627 | D:4      | Reached skill level 5 in Stealth
  2627 | D:4      | Reached XP level 5. HP: 33/37 MP: 5/5
  2831 | D:4      | Reached skill level 5 in Unarmed Combat
  2909 | D:4      | Found a staircase to the Ecumenical Temple.
  2918 | Temple   | Entered the Ecumenical Temple
  3094 | D:$      | Got out of the dungeon alive.

Skill      XL: |  1  2  3  4  5 |
---------------+----------------+-----
Stealth        | 3 4 5 |  5.4
Fighting       | 4 |  4.1
Unarmed Combat | 5 |  5.0
Dodging        | |  3.1

Action                   |  1- 3 |  4- 6 || total
-------------------------+-------+-------++-------
Melee: Unarmed           |    69 |    27 ||    96
       Constrict         |    20 |    12 ||    32
       Tentacles         |    10 |     4 ||    14
       Dagger            |     1 |    10 ||    11
       Punch             |       |     1 ||     1
 Stab: Sleeping          |    17 |     4 ||    21
  Eat: Chunk             |     2 |     4 ||     6
Armor: Skin              |     8 |     2 ||    10
Dodge: Dodged            |    43 |    25 ||    68
